 Dungeon Crawl Stone Soup version 0.27-a0-1140-g099f9bb0e8 (webtiles) character file.

Game seed: 13343760446494265894

55 Froggeryz the Chopper (level 4, 0/33 HPs)
             Began as a Human Wanderer on May 10, 2021.
             Slain by Grinder (1 damage)
             ... while paralysed by Grinder
             ... on level 3 of the Dungeon.
             The game lasted 00:03:36 (2241 turns).

Froggeryz the Chopper (Human Wanderer)              Turns: 2241, Time: 00:03:37

Health: 0/33       AC: 10    Str: 13    XL:     4   Next: 14%
Magic:  4/4        EV:  2    Int: 12    God:
Gold:   74         SH:  0    Dex: 13    Spells: 3/3 levels left

rFire    . . .     SeeInvis .   d - +0 hand axe
rCold    . . .     Faith    .   (no shield)
rNeg     . . .     Spirit   .   b - +2 scale mail
rPois    .         Reflect  .   l - +0 helmet
rElec    .         Harm     .   (no cloak)
rCorr    .         Rampage  .   (no gloves)
Will     .....                  (no boots)
Stlth    ..........             (no amulet)
HPRegen  0.11/turn              (no ring)
MPRegen  0.09/turn              (no ring)

@: paralysed
A: no striking features
a: no special abilities


You were on level 3 of the Dungeon.
You visited 1 branch of the dungeon, and saw 3 of its levels.

You collected 74 gold pieces.

Inventory:

Hand Weapons
 d - a +0 hand axe (weapon)
Missiles
 h - 15 sling bullets
Armour
 b - a +2 scale mail (worn)
 l - a +0 helmet (worn)
Scrolls
 a - 3 scrolls of identify {unknown}
 e - a scroll of enchant weapon {unknown}
 g - a scroll of silence {unknown}
 j - a scroll of blinking {unknown}
Potions
 f - a potion of mutation {unknown}
 i - 2 potions of attraction {unknown}


   Skills:
 - Level 2.0 Fighting
 * Level 4.1 Axes
 - Level 1.0 Throwing
 - Level 4.0 Armour
 - Level 1.0 Stealth


You had 3 spell levels left.
You didn't know any spells.
Your spell library was empty.

Dungeon Overview and Level Annotations

Branches:
Dungeon (3/15)

Altars:

Shops:
D:1 [

Annotations:
D:3 Grinder


Message History

You can move again.
Unknown command.
Unknown command.
Grinder blinks!
Your transformation is almost over.
You hit Grinder but do no damage.
Grinder is heavily wounded.
Grinder hits you but does no damage.
You completely miss Grinder.
Grinder is heavily wounded.
Grinder hits you but does no damage.
You hit Grinder.
Grinder is heavily wounded.
Grinder hits you but does no damage. x2
You hit Grinder.
Grinder is severely wounded.
Grinder hits you but does no damage.
You slash Grinder!
Grinder is almost dead.
Grinder barely misses you.
You hit Grinder but do no damage.
Grinder is almost dead.
You feel less wooden.
Your +0 helmet unmelds from your body.
Your +2 scale mail unmelds from your body.
Grinder gestures at you. Pain shoots through your body!
Your scale mail prevents you from hitting Grinder.
Grinder is almost dead.
Grinder gestures at you. Pain shoots through your body!
* * * LOW HITPOINT WARNING * * *
You hit Grinder but do no damage.
Grinder is almost dead.
Grinder gestures at you.
You suddenly lose the ability to move!
Grinder hits you but does no damage.
Grinder says, "Just stop there for a second..."
Grinder hits you.
You die...

#..........#
#..........#
######...#.#
#####.# #.#
#.# #.# #.#
#@# #5.....#
#(...#.#
.(...+
.((..#
.(##### #.
..


You could see Grinder.

Vanquished Creatures
  2 adders (D:2)
  3 dart slugs
  3 ball pythons
  2 bats
  3 endoplasms
  A giant cockroach (D:1)
  2 goblins
  3 hobgoblins
  3 quokkas
  4 frilled lizards
  A kobold (D:1)
  3 rats
30 creatures vanquished.

Notes
Turn   | Place    | Note
-------+----------+-------------------------------------------
     0 | D:1      | Froggeryz the Human Wanderer began the quest for the Orb.
     0 | D:1      | Froggeryz set off with the following items: a +0 shortbow,
                  | a +2 scale mail, 29 arrows, a +0 hand axe
     0 | D:1      | Reached XP level 1. HP: 16/16 MP: 1/1
   161 | D:1      | Found Tiat's Armour Shop.
   167 | D:1      | Reached XP level 2. HP: 17/22 MP: 2/2
  1169 | D:1      | Reached XP level 3. HP: 27/27 MP: 3/3
  1659 | D:2      | Reached XP level 4. HP: 33/33 MP: 4/4
  2169 | D:3      | Noticed Grinder
  2202 | D:3      | Paralysed by Grinder for 5 turns
  2212 | D:3      | Paralysed by Grinder for 7 turns
  2221 | D:3      | Paralysed by Grinder for 3 turns
  2238 | D:3      | HP: 1/33 [Grinder/nerve-wracking pain (9)]
  2239 | D:3      | Paralysed by Grinder for 3 turns
  2241 | D:3      | Slain by Grinder

Illustrated notes

Levels and vault maps discovered:
D:1:      amcnicky_arrival_choice, layout_basic, serial_shops, shop
D:2:      layout_basic
D:3:      layout_basic, shapermc_ecumenical_altar_mp_ritualfount,
          chequers_serial_rivers_large_a, uniq_grinder

Skill      XL: |  1  2  3 |
---------------+----------+-----
Axes           | 3 4 |  4.1
Fighting       | |  2.0
Throwing       | |  1.0
Armour         | |  4.0
Stealth        | |  1.0

Action                   |  1- 3 |  4- 6 || total
-------------------------+-------+-------++-------
Melee: Hand axe          |   100 |    39 ||   139
Throw: Dart              |     5 |     5 ||    10
  Use: Potion            |       |     2 ||     2
Armor: Scale mail        |    52 |     8 ||    60
       Skin              |       |    23 ||    23
Dodge: Dodged            |    42 |    12 ||    54

Table legend: (Time is in decaauts)
 A = Elapsed time spent in this place.
 B = Non-inter-level travel time spent in this place.
 C = Inter-level travel time spent in this place.
 D = Time resting spent in this place.
 E = Time spent auto-exploring this place.
 F = Levels seen in this place.
 G = Mean time per level.
                   A        B        C        D        E       F      G
               +--------+--------+--------+--------+--------+-----+--------+
         Total |   2258 |   2194 |     64 |     53 |   1773 |   3 |  752.7 |
       Dungeon |   2258 |   2194 |     64 |     53 |   1773 |   3 |  752.7 |
               +--------+--------+--------+--------+--------+-----+--------+

Top non-repeatable levels by time:
     D:1: 1287 daAuts
     D:2: 880 daAuts
     D:3: 90 daAuts
